 Dungeon Crawl Stone Soup version 0.25-a0-651-g8c222c7a2b (webtiles) character file.

Game seed: 11582410401068523687, levelgen mode: deterministic

16 An17 the Vandal (level 2, -3/19 HPs)
             Began as a Halfling Hunter on Mar 22, 2020.
             Shot themself with a sling bullet (8 damage)
             ... on level 1 of the Dungeon.
             The game lasted 00:01:17 (126 turns).

An17 the Vandal (Halfling Hunter)                    Turns: 126, Time: 00:01:17

Health: -3/19      AC:  3    Str: 13    XL:     2   Next: 70%
Magic:  2/2        EV: 14    Int:  9    God:
Gold:   3          SH:  0    Dex: 14    Spells: 1/1 levels left

rFire    . . .     SeeInvis .   a - +1 hunting sling
rCold    . . .     Gourm    .   (shield restricted)
rNeg     . . .     Faith    .   c - +0 leather armour
rPois    .         Spirit   .   (no helmet)
rElec    .         Reflect  .   (no cloak)
rCorr    .         Harm     .   (no gloves)
MR       .....                  (no boots)
Stlth    +.........             (no amulet)
HPRegen  0.06/turn              (no ring)
MPRegen  0.08/turn              (no ring)

@: no status effects
A: small, mutation resistance 1
a: no special abilities


You were on level 1 of the Dungeon.
You were not hungry.

You visited 1 branch of the dungeon, and saw 1 of its levels.

You collected 3 gold pieces.

Inventory:

Hand Weapons
 a - a +1 hunting sling (weapon)
 b - a +0 short sword
Missiles
 d - 16 sling bullets (quivered)
Armour
 c - a +0 leather armour (worn)
Scrolls
 e - a scroll of magic mapping {unknown}
Potions
 g - a potion of stabbing {unknown}
Comestibles
 f - a ration


   Skills:
 + Level 1.8 Fighting
 + Level 6.8 Slings
 + Level 2.2 Dodging
 + Level 1.1 Stealth


You had one spell level left.
You didn't know any spells.
Your spell library was empty.

Dungeon Overview and Level Annotations

Branches:
Dungeon (1/15)

Altars:


Innate Abilities, Weirdness & Mutations

You are small and have problems with some larger weapons.
You are somewhat resistant to further mutation.


Message History

You see here a jackal corpse.
You see here a +0 dagger.
d - 18 sling bullets (gained 3) Firing (i - inventory)
d - 18 sling bullets (quivered)
Press: ? - help, Shift-Dir - straight line, f - you Really target yourself?
That sling bullet is likely to hit you.
Continue anyway?
You shoot a sling bullet. The sling bullet hits you!
Firing (i - inventory)
d - 17 sling bullets (quivered)
Press: ? - help, Shift-Dir - straight line, f - you Really target yourself?
That sling bullet is likely to hit you.
Continue anyway?
You shoot a sling bullet. The sling bullet hits you.
* * * LOW HITPOINT WARNING * * *
Firing (i - inventory)
d - 16 sling bullets (quivered)
Press: ? - help, Shift-Dir - straight line, f - you Really target yourself?
That sling bullet is likely to hit you.
Continue anyway?
You shoot a sling bullet. The sling bullet hits you!
You die...

###########
#.........#
#........#
#........#
#.......#
#..†#+######
#.#..).@††.#
######## ###.####.#
#.....# ...#....#
#.....########.####
#.......).........#
##+#####....##.##.#
#.# #........# #
#.#####....##..#
#.#...#.....#..#


There were no monsters in sight!

Vanquished Creatures
  A dart slug (D:1)
  2 bats (D:1)
  A giant cockroach (D:1)
  A goblin (D:1)
  A hobgoblin (D:1)
  4 jackals (D:1)
  A frilled lizard (D:1)
  A kobold (D:1)
12 creatures vanquished.

Notes
Turn   | Place    | Note
-------+----------+-------------------------------------------
     0 | D:1      | An17 the Halfling Hunter began the quest for the Orb.
     0 | D:1      | Reached XP level 1. HP: 14/14 MP: 1/1
     8 | D:1      | Reached skill level 6 in Slings
    51 | D:1      | Reached XP level 2. HP: 12/19 MP: 2/2
   126 | D:1      | Shot themself with a sling bullet

Levels and vault maps discovered:
D:1:      sevenhm_arrival_forest_fort_small_6, layout_basic,
          chequers_decorated_corner, minmay_misc_feat_square,
          minmay_misc_feat_doors

Skill      XL: |  1 |
---------------+----+-----
Slings         | 6 |  6.8
Fighting       | |  1.8
Dodging        | |  2.2
Stealth        | |  1.1

Action                   || total
-------------------------++-------
 Fire: Hunting sling     ||    24
Armor: Leather armour    ||     1
Dodge: Dodged            ||     1

Table legend:
 A = Non-vault XP
 B = Vault XP
 C = Vault XP percentage of total XP
 D = Non-vault monster count
 E = Vault monster count
 F = Vault count percentage of total count
                 A         B        C        D         E       F
            +---------+---------+-------+---------+---------+-------
      Total |      23 |       0 |   0.0 |      12 |       0 |   0.0
            +---------+---------+-------+---------+---------+-------
        D:1 |      23 |       0 |   0.0 |      12 |       0 |   0.0
            +---------+---------+-------+---------+---------+-------
